 Dungeon Crawl Stone Soup version 0.28-a0-1447-ga5a8893891 (webtiles) character file.

Game seed: 5823504476998784977

64 cheechan the Grave Robber (level 4, -6/40 HPs)
             Began as an Octopode Necromancer on Jan 11, 2022.
             Was a Believer of Ru.
             Killed from afar by an orc wizard (8 damage)
             ... with a magic dart
             ... on level 3 of the Dungeon.
             The game lasted 00:10:28 (2446 turns).

cheechan the Grave Robber (Octopode Necromancer)    Turns: 2446, Time: 00:10:28

Health: -6/40      AC: 22    Str:  7    XL:     4   Next: 12%
Magic:  4/8        EV:  2    Int: 19    God:    Ru [**....]
Gold:   60         SH:  0    Dex: 12    Spells: 2/8 levels left

rFire   . . .      SeeInvis .   d - +0 dagger (freeze)
rCold   . . .      Faith    .   (helmet currently unavailable)
rNeg    . . .      Spirit   .   (no amulet)
rPois   +          Reflect  .   a - +4 ring of evasion
rElec   .          Harm     .   (no ring)
rCorr   .          Rampage  .   (no ring)
Will    .....      NoTele   +   (no ring)
Stlth   ++........              (no ring)
HPRegen 0.13/turn               (no ring)
MPRegen 0.11/turn               (no ring)

@: tree-form
A: stationary, stasis, torment immunity, boosted hp, almost no armour,
(amphibious), 7 rings, (camouflage 1), (gelatinous body 1), missing a hand,
(nimble swimmer 1), (tentacles)
a: Renounce Religion


You were on level 3 of the Dungeon.
You worshipped Ru.
Ru was pleased with you.
You were a tree.
You visited 1 branch of the dungeon, and saw 3 of its levels.

You collected 60 gold pieces.

Inventory:

Hand Weapons
 d - a +0 dagger of freezing (weapon)
Missiles
 c - 59 stones
Jewellery
 a - a +4 ring of evasion (left branch)
Potions
 b - a potion of haste
 f - a potion of berserk rage
 g - a potion of curing {unknown}
 h - 2 potions of might
 i - a potion of degeneration {unknown}


   Skills:
 + Level 2.1 Dodging
 + Level 2.9 Stealth
 + Level 0.1 Unarmed Combat
 + Level 2.9 Spellcasting
 + Level 4.7 Necromancy


You had 2 spell levels left.
You knew the following spells:

 Your Spells              Type           Power      Damage    Failure   Level
a - Pain                  Necr           84%        1d8       2%          1
b - Animate Skeleton      Necr           42%        N/A       2%          1
c - Freeze                Ice            8%         1d3       16%         1
d - Vampiric Draining     Necr           21%        2d7       6%          3

Your spell library contained the following spells:

 Spells                   Type           Power      Damage    Failure   Level
 Animate Dead             Necr           10%        N/A       22%         4
 Agony                    Necr           21%        N/A       52%         5


Dungeon Overview and Level Annotations

Branches:
Dungeon (3/15)

Altars:
Ru

Shops:
D:1 ?


Innate Abilities, Weirdness & Mutations

You are a tree.
Your roots penetrate the ground, keeping you stationary.
You cannot be teleported.
You are immune to unholy pain and torment.
Your maximum health is greatly increased.
You cannot wear most types of armour.
((You are amphibious.))
You can wear up to seven rings at the same time.
((Your skin changes colour to match your surroundings (Stealth+).))
((Your rubbery body absorbs attacks. (AC +1, EV +1)))
You are missing a hand.
((You are camouflaged when in or above water. (Stealth+)))
((You have tentacles for arms and can constrict up to seven enemies at once.))


Message History

Aiming: Pain (safe; 2% risk of failure)
Press: ? - help, Shift-Dir - straight line, f - orc priest
Aim: an orc priest, wielding a +0 dagger (chance to affect: 80%)
The orc priest writhes in agony.
Something hits you but does no damage.
The orc priest looks satisfied for a moment.
Unknown command.
Casting: Pain (safe; 2% risk of failure)
Confirm with . or Enter, or press ? or * to list all spells.
Aiming: Pain (safe; 2% risk of failure)
Press: ? - help, Shift-Dir - straight line, f/p - orc priest
Aim: an orc priest, wielding a +0 dagger (moderately wounded, chance to affect: 80%)
The orc priest writhes in agony.
Something hits you but does no damage.
The orc priest hits you but does no damage.
Unknown command.
Casting: Pain (safe; 2% risk of failure)
Confirm with . or Enter, or press ? or * to list all spells.
Aiming: Pain (safe; 2% risk of failure)
Press: ? - help, Shift-Dir - straight line, f/p - orc priest
Aim: an orc priest, wielding a +0 dagger (heavily wounded, chance to affect: 80%)
The orc priest writhes in agony.
Something hits you but does no damage.
The orc priest is stunned by your conviction and fails to attack.
Unknown command.
You barely miss the orc priest.
The orc priest is severely wounded.
Something hits you but does no damage.
The orc priest hits you but does no damage.
You barely miss the orc priest.
The orc priest is severely wounded.
Something hits you but does no damage.
The orc priest hits you but does no damage.
Casting: Pain (safe; 2% risk of failure)
Confirm with . or Enter, or press ? or * to list all spells.
Aiming: Pain (safe; 2% risk of failure)
Press: ? - help, Shift-Dir - straight line, f/p - orc priest
Aim: an orc priest, wielding a +0 dagger (severely wounded, chance to affect: 80%)
The orc priest barely resists.
You hear some strange, mumbled words.
A magic dart appears from out of thin air!
The magic dart hits you!
You die...

........# ........#
#.. ........# #.#
..#+#+#.# #.#
..'.....# #.#
..##..### #.#
#.##..# #.#
#.##..###########o#
#.##...........)♣{#
#.##.##############
...#.# ####.. ####


You could see an orc priest.

Vanquished Creatures
  An adder (D:2)
  A worm (D:3)
  An orc (D:3)
  6 ball pythons
  4 bats
  An endoplasm (D:3)
  2 giant cockroaches
  6 goblins
  4 hobgoblins
  3 jackals (D:2)
  2 quokkas
  5 frilled lizards
  3 kobolds
  2 rats (D:1)
41 creatures vanquished.

Vanquished Creatures (collateral kills)
  An endoplasm (D:1)
  A kobold (D:2)
  A bat (D:2)
  A frilled lizard (D:1)
  A rat (D:1)
5 creatures vanquished.

Grand Total: 46 creatures vanquished

Notes
Turn   | Place    | Note
-------+----------+-------------------------------------------
     0 | D:1      | cheechan the Octopode Necromancer began the quest for the
                  | Orb.
     0 | D:1      | Reached XP level 1. HP: 11/11 MP: 3/3
   132 | D:1      | Learned a level 1 spell: Animate Skeleton
   243 | D:1      | Reached XP level 2. HP: 9/17 MP: 1/5
   827 | D:1      | Found Demiss's Magic Scroll Emporium.
   928 | D:1      | Found a faded altar of an unknown god.
   939 | D:1      | Got Plato's Collected Works on Snow
   945 | D:1      | Learned a level 1 spell: Freeze
  1204 | D:1      | Prayed at the altar of an unknown god.
  1204 | D:1      | Became a worshipper of Ru the Awakened
  1213 | D:1      | Gained mutation: You are missing a hand. [Ru sacrifice]
  1213 | D:1      | Reached * piety under Ru
  1213 | D:1      | Reached ** piety under Ru
  1243 | D:2      | Reached XP level 3. HP: 16/21 MP: 2/6
  2059 | D:3      | Learned a level 3 spell: Vampiric Draining
  2343 | D:3      | Reached XP level 4. HP: 22/27 MP: 3/8
  2427 | D:3      | HP: 1/27 [something (4)]
  2436 | D:3      | HP: 1/40 [something (2)]
  2446 | D:3      | Killed from afar by an orc wizard

Illustrated notes

Levels and vault maps discovered:
D:1:      dpeg_arrival_central, layout_basic,
          shapermc_ecumenical_altar_rom_forum, serial_shops, shop,
          chequers_serial_rivers_room_b
D:2:      layout_basic
D:3:      layout_basic

Action                   |  1- 3 |  4- 6 || total
-------------------------+-------+-------++-------
Melee: Unarmed           |    10 |       ||    10
       Constrict         |    10 |     1 ||    11
       Dagger            |    19 |    11 ||    30
       Tentacles         |     2 |       ||     2
       Punch             |     1 |       ||     1
 Cast: Pain              |    51 |    10 ||    61
       Animate Skeleton  |    11 |     1 ||    12
Invok: Sacrifice a Hand  |     1 |       ||     1
  Use: Scroll            |     8 |     1 ||     9
       Potion            |       |     1 ||     1
Armor: Skin              |     2 |    26 ||    28
Dodge: Dodged            |    34 |     3 ||    37

Table legend: (Time is in decaauts)
 A = Elapsed time spent in this place.
 B = Non-inter-level travel time spent in this place.
 C = Inter-level travel time spent in this place.
 D = Time resting spent in this place.
 E = Time spent auto-exploring this place.
 F = Levels seen in this place.
 G = Mean time per level.
                   A        B        C        D        E       F      G
               +--------+--------+--------+--------+--------+-----+--------+
         Total |   2444 |   2444 |      0 |    315 |      0 |   3 |  814.7 |
       Dungeon |   2444 |   2444 |      0 |    315 |      0 |   3 |  814.7 |
               +--------+--------+--------+--------+--------+-----+--------+

Top non-repeatable levels by time:
     D:1: 1219 daAuts
     D:2: 721 daAuts
     D:3: 503 daAuts
